 Dungeon Crawl Stone Soup version 0.29.0 (webtiles) character file.

Game seed: 11759714096093092095

399 Renzlar the Shield-Bearer (level 6, -9/53 HPs)
             Began as a Gnoll Fighter on Aug 24, 2022.
             Mangled by ProzacElf's ghost (11 damage)
             ... on level 4 of the Dungeon.
             The game lasted 00:09:30 (3965 turns).

Renzlar the Shield-Bearer (Gnoll Fighter)           Turns: 3965, Time: 00:09:30

Health: -9/53      AC:  9    Str: 17    XL:     6   Next: 84%
Magic:  9/9        EV: 10    Int:  7    God:
Gold:   141        SH:  5    Dex: 12    Spells: 9/9 levels left

rFire   . . .      SeeInvis .   a - +0 war axe
rCold   . . .      Faith    .   c - +0 buckler
rNeg    . . .      Spirit   .   b - +1 scale mail
rPois   .          Reflect  .   q - +1 hat
rElec   .          Harm     .   (no cloak)
rCorr   .          Rampage  .   (no gloves)
Will    .....                   (no boots)
Stlth   +.........              (no amulet)
HPRegen 0.17/turn               (no ring)
MPRegen 0.11/turn               (no ring)

@: mighty
A: fangs 1, strong nose, distributed training
a: no special abilities


You were on level 4 of the Dungeon.
You visited 1 branch of the dungeon, and saw 4 of its levels.

You collected 141 gold pieces.

Inventory:

Hand Weapons
 a - a +0 war axe (weapon)
 e - a +3 spear
 i - a +2 mace of draining
 l - a +1 dagger of pain
Missiles
 g - 17 stones
 h - 8 poisoned darts (quivered)
Armour
 b - a +1 scale mail (worn)
 c - a +0 buckler (worn)
 q - a +1 hat (worn)
Jewellery
 k - a +4 ring of protection
Wands
 j - a wand of charming (13)
 p - a wand of polymorph (6)
Scrolls
 m - a scroll of magic mapping
Potions
 f - a potion of curing


   Skills:
 + Level 6.9 Fighting
 + Level 2.2 Short Blades
 + Level 2.2 Long Blades
 + Level 5.1 Axes
 + Level 2.2 Maces & Flails
 + Level 2.2 Polearms
 + Level 2.2 Staves
 + Level 2.2 Ranged Weapons
 + Level 2.2 Throwing
 + Level 6.9 Armour
 + Level 2.2 Dodging
 + Level 2.2 Stealth
 + Level 6.9 Shields
 + Level 2.2 Unarmed Combat
 + Level 2.2 Spellcasting
 + Level 1.8 Conjurations
 + Level 1.8 Hexes
 + Level 1.8 Summonings
 + Level 1.8 Necromancy
 + Level 1.8 Translocations
 + Level 1.8 Transmutations
 + Level 1.8 Fire Magic
 + Level 1.8 Ice Magic
 + Level 1.8 Air Magic
 + Level 1.8 Earth Magic
 + Level 1.8 Poison Magic
 + Level 2.4 Invocations
 + Level 2.2 Evocations


You had 9 spell levels left.
You didn't know any spells.
Your spell library contained the following spells:

 Spells                   Type           Power      Damage    Failure   Level
 Tukima's Dance           Hex            3%         N/A       90%         3
 Passage of Golubria      Tloc           3%         N/A       100%        4
 Yara's Violent Unravell  Hex/Tmut       1%         3d3       100%        5


Dungeon Overview and Level Annotations

Branches:
Dungeon (4/15)
 Temple: D:4-7

Altars:
Ashenzari
Gozag
The Shining One

Annotations:
D:4 ProzacElf's ghost, amateur MeCA


Innate Abilities, Weirdness & Mutations

You have very sharp teeth.
Your uncanny sense of smell can sniff out nearby items.
Your experience applies equally to all skills.


Message History

You barely miss ProzacElf's ghost.
ProzacElf's ghost is moderately damaged.
ProzacElf's ghost hits you but does no damage.
You slash ProzacElf's ghost!
ProzacElf's ghost is heavily damaged.
ProzacElf's ghost hits you! ProzacElf's ghost barely misses you.
You closely miss ProzacElf's ghost.
ProzacElf's ghost is heavily damaged.
ProzacElf's ghost hits you but does no damage.
You closely miss ProzacElf's ghost.
ProzacElf's ghost is heavily damaged.
ProzacElf's ghost barely misses you.
You slash ProzacElf's ghost!
ProzacElf's ghost is severely damaged.
ProzacElf's ghost hits you!
* * * LOW HITPOINT WARNING * * *
ProzacElf's ghost hits you but does no damage.
Unknown command.
You hit ProzacElf's ghost.
ProzacElf's ghost is severely damaged.
ProzacElf's ghost hits you!
* * * LOW HITPOINT WARNING * * *
Unknown command.
You feel better.
ProzacElf's ghost screams, "You will join me soon!"
ProzacElf's ghost hits you but does no damage.
You hit ProzacElf's ghost.
ProzacElf's ghost is severely damaged.
ProzacElf's ghost whispers, "Death doesn't hurt.
What you feel is life."
ProzacElf's ghost hits you but does no damage.
You hit ProzacElf's ghost.
You bite ProzacElf's ghost, but do no damage.
ProzacElf's ghost is severely damaged.
ProzacElf's ghost hits you!
* * * LOW HITPOINT WARNING * * *
You block ProzacElf's ghost's attack.
You barely miss ProzacElf's ghost.
ProzacElf's ghost is severely damaged.
ProzacElf's ghost hits you!
You die...

#####... ####.
#.......#.....
#......#......
##........###.
##........##⌠##
#........##...##...
#.......##..!..##..
.#......@W...♣..⌠#..
.........##..?..##..
..##......##...##...
...#.......##⌠##....
............###.....
###.................
#........†.........
##.$.....÷..###..##
#......##..## .#


You could see ProzacElf's ghost.

Vanquished Creatures
  2 ice beasts
  2 hounds
  An orc wizard (D:3)
  4 adders
  An ufetubus (D:4)
  2 worms
  4 dart slugs
  3 orcs (D:3)
  5 ball pythons
  9 endoplasms
  2 giant cockroaches
  9 goblins
  8 hobgoblins
  3 quokkas
  6 bats
  3 frilled lizards
  9 kobolds
  A rat (D:1)
74 creatures vanquished.

Vanquished Creatures (others)
  4 toadstools (D:1)
4 creatures vanquished.

Grand Total: 78 creatures vanquished

Notes
Turn   | Place    | Note
-------+----------+-------------------------------------------
     0 | D:1      | Renzlar the Gnoll Fighter began the quest for the Orb.
     0 | D:1      | Reached XP level 1. HP: 23/23 MP: 1/1
   220 | D:1      | Reached XP level 2. HP: 29/29 MP: 2/2
  1065 | D:1      | Found a faded altar of an unknown god.
  1157 | D:2      | Reached XP level 3. HP: 35/35 MP: 3/3
  1540 | D:2      | Reached skill level 1 in Invocations
  1935 | D:2      | Reached skill level 1 in Short Blades
  1935 | D:2      | Reached skill level 1 in Long Blades
  1935 | D:2      | Reached skill level 1 in Maces & Flails
  1935 | D:2      | Reached skill level 1 in Polearms
  1935 | D:2      | Reached skill level 1 in Staves
  1935 | D:2      | Reached skill level 1 in Ranged Weapons
  1935 | D:2      | Reached skill level 1 in Throwing
  1935 | D:2      | Reached skill level 1 in Dodging
  1935 | D:2      | Reached skill level 1 in Stealth
  1935 | D:2      | Reached skill level 1 in Unarmed Combat
  1935 | D:2      | Reached skill level 1 in Spellcasting
  1935 | D:2      | Reached skill level 1 in Evocations
  2159 | D:3      | Reached XP level 4. HP: 33/41 MP: 5/5
  2301 | D:3      | Found a broken altar of Ashenzari.
  2318 | D:3      | Found a glowing golden altar of the Shining One.
  2342 | D:3      | Reached skill level 1 in Conjurations
  2342 | D:3      | Reached skill level 1 in Hexes
  2342 | D:3      | Reached skill level 1 in Summonings
  2342 | D:3      | Reached skill level 1 in Necromancy
  2342 | D:3      | Reached skill level 1 in Translocations
  2342 | D:3      | Reached skill level 1 in Transmutations
  2342 | D:3      | Reached skill level 1 in Fire Magic
  2342 | D:3      | Reached skill level 1 in Ice Magic
  2342 | D:3      | Reached skill level 1 in Air Magic
  2342 | D:3      | Reached skill level 1 in Earth Magic
  2342 | D:3      | Reached skill level 1 in Poison Magic
  2562 | D:3      | Reached XP level 5. HP: 45/47 MP: 5/7
  3097 | D:3      | Found an opulent altar of Gozag.
  3500 | D:4      | Noticed an ice beast
  3535 | D:3      | Killed an ice beast
  3536 | D:3      | Reached skill level 5 in Axes
  3536 | D:3      | Reached XP level 6. HP: 24/53 MP: 8/8
  3752 | D:4      | Found a runed translucent door.
  3752 | D:4      | Noticed ProzacElf's ghost (amateur MeCA)
  3762 | D:4      | Noticed an ice beast
  3782 | D:4      | Killed an ice beast
  3961 | D:4      | HP: 1/53 [ProzacElf's ghost (8)]
  3965 | D:4      | Mangled by ProzacElf's ghost

Illustrated notes

Levels and vault maps discovered:
D:1:      ldierk_water_garden, layout_basic, nicolae_ecumenical_lake_church,
          chequers_garden, minmay_misc_feat_iff
D:2:      minmay_kobold_bridge, layout_loops_corners, kennysheep_generic_room_14
D:3:      layout_basic, nicolae_ashenzari_panopticon,
          nicolae_gozag_seed_capital, old_standard_altar, minmay_crystal_room
D:4:      layout_cave_pools, hellmonk_ghost_happy_afterlife, uniq_natasha

Skill      XL: |  1  2  3  4  5  6 |
---------------+-------------------+-----
Invocations    | 1 2 |  2.4
Short Blades   | 1 2 |  2.2
Long Blades    | 1 2 |  2.2
Maces & Flails | 1 2 |  2.2
Polearms       | 1 2 |  2.2
Staves         | 1 2 |  2.2
Ranged Weapons | 1 2 |  2.2
Throwing       | 1 2 |  2.2
Dodging        | 1 2 |  2.2
Stealth        | 1 2 |  2.2
Unarmed Combat | 1 2 |  2.2
Spellcasting   | 1 2 |  2.2
Evocations     | 1 2 |  2.2
Conjurations   | 1 |  1.8
Hexes          | 1 |  1.8
Summonings     | 1 |  1.8
Necromancy     | 1 |  1.8
Translocations | 1 |  1.8
Transmutations | 1 |  1.8
Fire Magic     | 1 |  1.8
Ice Magic      | 1 |  1.8
Air Magic      | 1 |  1.8
Earth Magic    | 1 |  1.8
Poison Magic   | 1 |  1.8
Axes           | 5 |  5.1
Fighting       | |  6.9
Armour         | |  6.9
Shields        | |  6.9

Action                   |  1- 3 |  4- 6 || total
-------------------------+-------+-------++-------
Melee: War axe           |    76 |   124 ||   200
       Bite              |    11 |     8 ||    19
       Mace              |    49 |     8 ||    57
Throw: Dart              |       |     2 ||     2
  Use: Scroll            |     4 |     2 ||     6
       Potion            |       |     3 ||     3
Armor: Scale mail        |    44 |    68 ||   112
Dodge: Dodged            |    59 |    56 ||   115
Block: Buckler           |    45 |    41 ||    86
